 Seeded DCSS version 0.30.1-4-g462c640d31 (webtiles) character file.

Game seed: 5 (custom seed)

477 Kazon the Trooper (level 7, 0/70 HPs)
             Began as an Ogre Gladiator on Sept 5, 2023.
             Was an Initiate of the Shining One.
             Slain by a black bear (1 damage)
             ... on level 4 of the Dungeon.
             The game lasted 00:18:15 (2884 turns).

Kazon the Trooper (Ogre Gladiator)                  Turns: 2884, Time: 00:18:16

Health: 0/70       AC:  3    Str: 19    XL:     7   Next: 11%
Magic:  17/17      EV:  8    Int:  9    God:    the Shining One [......]
Gold:   203        SH: 13    Dex: 18    Spells: 6/6 levels left

rFire   . . .        f - +0 hand axe (flame)
rCold   . . .        c - +0 tower shield
rNeg    . . .        b - +0 robe
rPois   .            j - +0 hat
rElec   .            (no cloak)
rCorr   .            (gloves unavailable)
SInv    .            (boots unavailable)
Will    .....        (no amulet)
Stlth   +            r - ring of magical power
HPRegen 0.31/turn    z - +6 ring of dexterity
MPRegen 0.15/turn

%: no passive effects
@: glowing
A: large, unfitting armour, tough skin 1
a: Renounce Religion


You were on level 4 of the Dungeon.
You worshipped the Shining One.
The Shining One was noncommittal.
You visited 2 branches of the dungeon, and saw 5 of its levels.

You collected 203 gold pieces.

Inventory:

Hand Weapons
 a - a +0 war axe
 f - a +0 hand axe of flaming (weapon)
Missiles
 d - 3 throwing nets
 e - a large rock
 g - 8 stones
 l - 3 boomerangs
 s - 5 poisoned darts (quivered)
Armour
 b - a +0 robe (worn)
 c - a +0 tower shield (worn)
 j - a +0 hat (worn)
Jewellery
 r - a ring of magical power (left hand)
 z - a +6 ring of dexterity (right hand)
Wands
 x - a wand of paralysis (8)
Scrolls
 h - a scroll of fog {unknown}
 m - a scroll of blinking {unknown}
 n - a scroll of teleportation
 o - 2 scrolls of identify {unknown}
 p - 2 scrolls of magic mapping {unknown}
 q - a scroll of summoning {unknown}
 w - a scroll of torment {unknown}
 y - a scroll of amnesia {unknown}
Potions
 i - a potion of resistance {unknown}
 k - 3 potions of curing {unknown}
 t - a potion of invisibility {unknown}
 u - a potion of berserk rage {unknown}
 v - a potion of flight {unknown}
 A - 2 potions of heal wounds {unknown}


   Skills:
 * Level 4.1 Fighting
 + Level 4.0(4.4) Axes
 + Level 2.3(3.3) Maces & Flails
 * Level 3.4 Throwing
 * Level 3.2 Dodging
 + Level 0.2 Stealth
 * Level 2.2 Shields
 + Level 1.8 Necromancy
 * Level 1.8 Invocations
 * Level 0.2 Evocations


You had 6 spell levels left.
You didn't know any spells.
Your spell library contained the following spells:

 Spells                   Type           Power      Damage    Failure   Level
 Frozen Ramparts          Ice            0%         1d1       100%        3
 Ice Form                 Ice/Tmut       0%         N/A       100%        4
 Summon Ice Beast         Ice/Summ       0%         N/A       100%        4


Dungeon Overview and Level Annotations

Branches:
Dungeon (4/15)             Temple (1/1) D:4

Altars:
Dithmenos
Fedhas
Hepliaklqana
Qazlal
Trog
Wu Jian
The Shining One


Innate Abilities, Weirdness & Mutations

You are too large for most types of armour.
You have tough skin. (AC +1)


Message History

The black bear bites you but does no damage.
The black bear closely misses you. The black bear claws you.
You hit the black bear but do no damage.
The black bear is heavily wounded.
The black bear barely misses you. You block the black bear's attack. x2
You barely miss the black bear.
The black bear is heavily wounded.
The black bear barely misses you. You block the black bear's attack. x2
You hit the black bear but do no damage.
The black bear is heavily wounded.
The black bear barely misses you. The black bear claws you.
The black bear barely misses you. The black bear bites you.
You block the black bear's attack. The black bear claws you.
You hit the black bear but do no damage.
The black bear is heavily wounded.
The black bear bites you. The black bear claws you.
* * * LOW HITPOINT WARNING * * *
You block the black bear's attack.
You hit the black bear. You burn the black bear.
The black bear is almost dead.
The black bear goes berserk!
The black bear bites you.
* * * LOW HITPOINT WARNING * * *
You block the black bear's attack.
The black bear claws you but does no damage.
You barely miss the black bear.
The black bear is almost dead.
The black bear bites you!
* * * LOW HITPOINT WARNING * * *
The black bear closely misses you. The black bear barely misses you. x2
You block the black bear's attack. The black bear barely misses you.
You hit the black bear. You burn the black bear.
The black bear is almost dead.
You block the black bear's attack. x2
The black bear claws you but does no damage.
The black bear bites you.
* * * LOW HITPOINT WARNING * * *
The black bear claws you.
* * * LOW HITPOINT WARNING * * *
The black bear claws you.
You die...

#.# #...... #.###.#####
#†....# #.###.# ### ###
###.###.# #.. #..
........# ###
######.######.###.#####
#....h.................
#@# ####.#........
######.######.#.#.#####
#.................#
#############.#.#.#
#.#.#.# #########.#.#.#
#.............#
#.#######.#.#.# #.#
#.#.#.#


You could see a black bear (berserk).

Vanquished Creatures
  Sigmund (D:4)
  A black bear (D:4)
  A scorpion (D:4)
  An iguana (D:4)
  5 adders
  An ufetubus (D:4)
  3 worms
  6 orcs
  3 bats
  9 endoplasms
  A giant cockroach (D:1)
  12 goblins
  7 hobgoblins
  11 jackals
  3 kobolds
  3 quokkas (D:4)
  6 ball pythons
  3 frilled lizards
  4 rats
81 creatures vanquished.

Notes
Turn   | Place    | Note
-------+----------+-------------------------------------------
     0 | D:1      | Kazon the Ogre Gladiator began the quest for the Orb.
     0 | D:1      | Reached XP level 1. HP: 22/22 MP: 1/1
    34 | D:1      | Identified a scroll of acquirement
    34 | D:1      | Acquired the +7 sceptre of Torment {pain, torment}
    34 | D:1      | Found the +7 sceptre of Torment {pain, torment}
    49 | D:1      | Reached XP level 2. HP: 26/29 MP: 2/2
   260 | D:1      | Reached XP level 3. HP: 36/36 MP: 3/3
   885 | D:2      | Reached skill level 1 in Necromancy
   885 | D:2      | Reached XP level 4. HP: 45/45 MP: 4/4
   944 | D:2      | Reached skill level 1 in Maces & Flails
  1559 | D:3      | Found a blossoming altar of Fedhas.
  1564 | D:3      | Reached XP level 5. HP: 51/53 MP: 5/5
  1735 | D:3      | Identified the +2 sling "Qeuhanocyt" {speed, rElec Str-3
                  | Dex+2}
  1752 | D:3      | Found a faded altar of an unknown god.
  1811 | D:3      | Found a stormy altar of Qazlal.
  2043 | D:4      | Found a staircase to the Ecumenical Temple.
  2051 | Temple   | Entered the Ecumenical Temple
  2059 | Temple   | Became a worshipper of the Shining One
  2138 | D:4      | Noticed Sigmund
  2146 | D:4      | Killed Sigmund
  2147 | D:4      | Reached skill level 1 in Shields
  2147 | D:4      | Reached skill level 1 in Invocations
  2147 | D:4      | Reached XP level 6. HP: 38/62 MP: 6/6
  2175 | D:4      | Noticed a black bear
  2179 | D:4      | Killed a black bear
  2185 | D:4      | Found a hazy altar of Hepliaklqana.
  2197 | D:4      | Found a shadowy altar of Dithmenos.
  2197 | D:4      | Noticed a shadow
  2642 | D:4      | Reached XP level 7. HP: 42/70 MP: 8/8
  2884 | D:4      | HP: 3/70 [black bear (2)]
  2884 | D:4      | HP: 1/70 [black bear (2)]
  2884 | D:4      | Slain by a black bear

Illustrated notes

Levels and vault maps discovered:
D:1:      ebering_trefoil_3fold, layout_basic, st_stairs_14, serial_bayou_ford_a
D:2:      layout_basic, hangedman_decor_growths, minmay_close_crescents
D:3:      layout_rooms, mainiacjoe_overflow_concentric_impassable,
          mainiacjoe_overflow_paths, shapermc_ecumenical_altar_acropolis,
          chequers_serial_rivers_micro_b
D:4:      layout_basic, riverfiend_overflow_shadow_ancestor,
          minmay_temple_entry_glass, uniq_sigmund
Temple:   nicolae_temple_elliptical

Skill      XL: |  1  2  3  4  5  6 |
---------------+-------------------+-----
Fighting       | 3 4 |  4.1
Necromancy     | 1 |  1.8
Dodging        | 3 |  3.2
Maces & Flails | 1 2 |  2.3
Throwing       | 3 |  3.4
Shields        | 1 2 |  2.2
Invocations    | 1 |  1.8
Axes           | 4 |  4.0
Stealth        | |  0.2
Evocations     | |  0.2

Action                     |  1- 3 |  4- 6 |  7- 9 || total
---------------------------+-------+-------+-------++-------
  Melee: War axe           |     7 |    16 |       ||    23
         Eveningstar       |    53 |    57 |       ||   110
         Punch             |       |     1 |       ||     1
         Hand axe          |       |    66 |    15 ||    81
  Throw: Stone             |     1 |    13 |       ||    14
         Dart              |       |    20 |       ||    20
         Large rock        |       |     1 |       ||     1
    Use: Scroll            |     2 |     1 |       ||     3
         Potion            |     1 |       |       ||     1
 Armour: Robe              |     9 |    27 |     7 ||    43
  Dodge: Dodged            |    32 |    68 |    15 ||   115
  Block: Tower shield      |       |    77 |    20 ||    97
